 Dungeon Crawl Stone Soup version 0.18.1-48-g4cf74bf (webtiles) character file.

75 atgrul the Digger (level 4, -14/24 HPs)
             Began as a Gargoyle Earth Elementalist on July 29, 2016.
             Splashed by Ijyb's acid (17 damage)
             ... on level 3 of the Dungeon.
             The game lasted 00:07:27 (2149 turns).

atgrul the Digger (Gargoyle Earth Elementalist)     Turns: 2149, Time: 00:07:44

Health: -14/24     AC: -2    Str: 13    XL:     4   Next: 31%
Magic:  3/7        EV: 12    Int: 15    God:
Gold:   103        SH:  0    Dex: 10    Spells: 2 memorised, 3 levels left

rFire  . . .     SeeInvis .     s - +4 short sword
rCold  . . .     Gourm    .     a - +0 robe
rNeg   + . .     Faith    .     (no shield)
rPois  ∞         Spirit   .     (no helmet)
rElec  +         Dismiss  .     (no cloak)
rCorr  .         Reflect  .     (no gloves)
SustAt .         Harm     .     (no boots)
MR     .....                    (no amulet)
Stlth  ++........               (no ring)
                                (no ring)

@: corroded, not resistant to hostile enchantments, unstealthy
A: negative energy resistance 1, electricity resistance, unbreathing,
petrification resistance, rot immunity, AC +3
a: no special abilities


You were on level 3 of the Dungeon.
You were not hungry.

You visited 1 branch of the dungeon, and saw 3 of its levels.

You collected 103 gold pieces.

Inventory:

Hand Weapons
 g - a +0 dagger
 s - a +4 short sword (weapon)
Missiles
 b - 88 stones (quivered)
Armour
 a - a +0 robe (worn)
Scrolls
 f - a scroll of magic mapping
 i - a scroll of teleportation
 k - 2 scrolls of enchant armour
 l - a scroll of enchant weapon {unknown}
Potions
 e - a potion of invisibility {unknown}
 j - 2 potions of resistance
 m - a potion of flight {unknown}
 n - 2 potions of degeneration {unknown}
 p - a potion of lignification {unknown}
 r - a potion of heal wounds {unknown}
 t - a potion of mutation {unknown}
Books
 c - a book of Geomancy

   Spells                             Type                      Level
   a - Sandblast                      Earth                        1
   b - Passwall                       Transmutation/Earth          2
   c - Stone Arrow                    Conjuration/Earth            3
   d - Petrify                        Transmutation/Earth          4
   e - Lee's Rapid Deconstruction     Earth                        5
Comestibles
 d - a bread ration
 h - a beef jerky
 o - a slice of pizza
 q - 4 chunks of flesh


   Skills:
 - Level 1.6 Dodging
 - Level 2.1 Stealth
 - Level 2.1 Spellcasting
   Level 0.7 Transmutations
 + Level 5.9 Earth Magic


You had 3 spell levels left.
You knew the following spells:

 Your Spells              Type           Power        Failure   Level  Hunger
a - Sandblast             Erth           ###...       1%          1    #......
b - Stone Arrow           Conj/Erth      ##....       24%         3    ###....


Dungeon Overview and Level Annotations

Branches:
Dungeon (3/15)

Altars:
Trog
Xom

Annotations:
D:3 Grinder, Ijyb


Innate Abilities, Weirdness & Mutations

You are resistant to torment.
Your stone body is resilient (AC +3).
You are immune to poison.
You resist negative energy.
You are resistant to electric shocks.
You can survive without breathing.
You are immune to petrification.
You are immune to rotting.


Message History

Aim: Ijyb, wielding a club (moderately wounded)
The blast of sand hits Ijyb.
Ijyb is heavily wounded.
Ijyb zaps a wand.
The bolt of acid hits you! The acid corrodes you!
The acid burns!
It is a wand of acid.
The giant gecko closely misses you.
Casting: Sandblast
Confirm with . or Enter, or press ? or * to list all spells.
Aiming: Sandblast
Press: ? - help, Shift-Dir - straight line, f/p - Ijyb
Aim: Ijyb, wielding a club and carrying a wand of acid {zapped: 1} (heavily wounded)
The blast of sand misses Ijyb.
The giant gecko misses you. Ijyb hits you but does no damage.
Ijyb zaps a wand.
The bolt of acid hits the giant gecko.
The giant gecko dies!
The bolt of acid hits you!
Ouch! That really hurt!
* * * LOW HITPOINT WARNING * * *
The acid corrodes you!
The acid burns!
Ouch! That really hurt!
You die...

###########
#>.........
#.......$.$
##g#####.#.
#.# #.# #@#
#<# ###


You could see Ijyb.

Vanquished Creatures
  2 adders (D:2)
  A worm (D:2)
  4 dart slugs
  2 giant geckos (D:2)
  12 bats
  3 giant cockroaches
  5 goblins
  5 hobgoblins
  A quokka (D:2)
  A ball python (D:2)
  A giant newt (D:1)
  4 kobolds
  4 rats
45 creatures vanquished.

Vanquished Creatures (others)
  A giant gecko (D:3)
1 creature vanquished.

Grand Total: 46 creatures vanquished

Notes
Turn   | Place    | Note
--------------------------------------------------------------
     0 | D:1      | atgrul the Gargoyle Earth Elementalist began the quest for the Orb.
     0 | D:1      | Reached XP level 1. HP: 10/10 MP: 3/3
   268 | D:1      | Reached skill level 4 in Earth Magic
   268 | D:1      | Reached XP level 2. HP: 15/15 MP: 0/5
   846 | D:1      | Reached XP level 3. HP: 19/19 MP: 4/6
   908 | D:2      | Reached skill level 5 in Earth Magic
  1294 | D:2      | Found a shimmering altar of Xom.
  1428 | D:2      | Reached XP level 4. HP: 24/24 MP: 2/7
  2095 | D:2      | Learned a level 3 spell: Stone Arrow
  2096 | D:3      | Found a bloodstained altar of Trog.
  2096 | D:3      | Noticed Grinder
  2137 | D:3      | Noticed Ijyb
  2149 | D:3      | Splashed by Ijyb's acid

Skill      XL: |  1  2  3 |
---------------+----------+-----
Earth Magic    | 4 5 |  5.9
Dodging        | |  1.6
Stealth        | |  2.1
Spellcasting   | |  2.1
Transmutations | |  0.7

Action                   |  1- 3 |  4- 6 || total
-------------------------+-------+-------++-------
Melee: Unarmed           |    20 |       ||    20
       Dagger            |    14 |       ||    14
       Short sword       |       |     1 ||     1
 Cast: Sandblast         |    61 |    29 ||    90
  Use: Scroll            |     4 |       ||     4
  Eat: Chunk             |     3 |     2 ||     5
Armor: Robe              |    24 |    12 ||    36
Dodge: Dodged            |    50 |    10 ||    60
